 Dungeon Crawl Stone Soup version 0.29.1 (webtiles) character file.

Game seed: 6980019030873440944

160 masschaos23 the Sneak (level 5, -2/35 HPs)
             Began as an Octopode Brigand on Sept 13, 2022.
             Slain by a phantom (6 damage)
             ... on level 3 of the Dungeon.
             The game lasted 00:12:58 (3306 turns).

masschaos23 the Sneak (Octopode Brigand)            Turns: 3306, Time: 00:12:58

Health: -2/35      AC:  1    Str:  8 (10) XL:     5   Next: 41%
Magic:  5/5        EV: 13    Int: 13      God:
Gold:   144        SH:  5    Dex: 16      Spells: 4/4 levels left

rFire   . . .      SeeInvis .   a - +3 dagger
rCold   . . .      Faith    .   (no shield)
rNeg    . . .      Spirit   .   (helmet restricted)
rPois   .          Reflect  +   h - amulet of reflection
rElec   .          Harm     .   o - ring of resist corrosion
rCorr   +          Rampage  .   (no ring)
Will    .....                   (no ring)
Stlth   +++++.....              (no ring)
HPRegen 0.11/turn               (no ring)
MPRegen 0.09/turn               (no ring)
                                (no ring)
                                (no ring)

@: invisible
A: almost no armour, amphibious, 8 rings, camouflage 1, gelatinous body 1,
(nimble swimmer 1), tentacles
a: no special abilities


You were on level 3 of the Dungeon.
You visited 1 branch of the dungeon, and saw 3 of its levels.

You collected 144 gold pieces.

Inventory:

Hand Weapons
 a - a +3 dagger (weapon)
 j - a +2 short sword of holy wrath
Missiles
 b - 11 poisoned darts
 k - 3 javelins (quivered)
 p - 2 silver javelins
Armour
 e - a +0 leather armour of poison resistance
 f - +0 ice dragon scales
 l - a +2 cloak
Jewellery
 h - an amulet of reflection (around mantle)
 o - a ring of resist corrosion (left tentacle)
Scrolls
 d - 3 scrolls of identify
 g - 3 scrolls of immolation
 m - 3 scrolls of vulnerability
Potions
 r - 3 potions of might


   Skills:
 + Level 2.4 Fighting
 + Level 3.1 Short Blades
 + Level 2.8 Throwing
 + Level 1.6 Dodging
 + Level 6.9 Stealth
 + Level 0.6 Shields


You had 4 spell levels left.
You didn't know any spells.
Your spell library contained the following spells:

 Spells                   Type           Power      Damage    Failure   Level
 Magic Dart               Conj           0%         1d3       30%         1
 Blink                    Tloc           0%         N/A       43%         2
 Call Imp                 Summ           0%         N/A       43%         2
 Lesser Beckoning         Tloc           0%         N/A       67%         3
 Mephitic Cloud           Conj/Pois/Air  0%         N/A       67%         3
 Manifold Assault         Tloc           0%         N/A       100%        5
 Dispersal                Tloc           0%         N/A       100%        6
 Disjunction              Tloc           0%         N/A       100%        8


Dungeon Overview and Level Annotations

Branches:
Dungeon (3/15)

Altars:


Innate Abilities, Weirdness & Mutations

You cannot wear most types of armour.
You are amphibious.
You can wear up to eight rings at the same time.
Your skin changes colour to match your surroundings (Stealth+).
Your rubbery body absorbs attacks. (AC +1, EV +1)
((You are camouflaged when in or above water. (Stealth+)))
You have tentacles for arms and can constrict up to eight enemies at once.


Message History

The phantom is heavily damaged.
You block the phantom's attack.
You closely miss the phantom. You squeeze the phantom.
The phantom is severely damaged.
You block the phantom's attack.
You hit the phantom.
The phantom is severely damaged.
The phantom barely misses you.
You hit the phantom.
The phantom is severely damaged.
The phantom barely misses you.
You miss the phantom.
The phantom is severely damaged.
You hit the phantom.
The phantom is severely damaged.
The phantom hits you.
You closely miss the phantom.
The phantom is severely damaged.
The phantom hits you.
The phantom blinks!
You blink.
You barely miss the phantom.
The phantom is severely damaged.
The phantom hits you!
* * * LOW HITPOINT WARNING * * *
You barely miss the phantom.
The phantom is severely damaged.
The phantom barely misses you.
You closely miss the phantom.
The phantom is severely damaged.
The phantom misses you.
You hit the phantom. Your squeeze misses the phantom.
The phantom is almost destroyed.
You closely miss the phantom. You squeeze the phantom.
The phantom is almost destroyed.
The phantom hits you.
* * * LOW HITPOINT WARNING * * *
The phantom blinks!
You blink.
Found a scroll of enchant weapon, a short sword and 10 gold pieces.
You fade into invisibility!
The phantom hits you.
You die...

#..#+#...#.###.###.#
##.##,##..#......#...
#..#,,,#..######..###
#.##***##.#### *.##
##.*,,,,,#....# *.#
#..*,,,,,+..#.###.#
#.#########.......#
##.#...W..$#.##.#..##
#..'..@..(?#...###..###
#§.#...(..)#..#.#......
#..#########..#*.<..###
#...#..†..'..##**#.####
#...#.....#...# ##.....
##..#######.#.# #...>..
#...#.[.#..#.# #..####
#.#.##.##.##.# #..#
#....#'#..##.###..#


You could see a phantom (unable to see you).

Vanquished Creatures
  An orc wizard (D:3)
  7 adders
  3 orcs (D:3)
  5 bats
  5 endoplasms
  3 giant cockroaches
  5 goblins
  10 hobgoblins
  2 jackals (D:3)
  7 kobolds
  3 quokkas
  8 ball pythons
  2 frilled lizards
  3 rats
64 creatures vanquished.

Notes
Turn   | Place    | Note
-------+----------+-------------------------------------------
     0 | D:1      | masschaos23 the Octopode Brigand began the quest for the
                  | Orb.
     0 | D:1      | Reached XP level 1. HP: 14/14 MP: 1/1
   228 | D:1      | Found a faded altar of an unknown god.
   375 | D:1      | Reached XP level 2. HP: 19/19 MP: 2/2
   523 | D:1      | Reached skill level 6 in Stealth
  1281 | D:2      | Reached XP level 3. HP: 24/24 MP: 3/3
  1750 | D:2      | Reached XP level 4. HP: 22/29 MP: 4/4
  3053 | D:3      | Reached XP level 5. HP: 33/35 MP: 5/5
  3283 | D:3      | Noticed a phantom
  3306 | D:3      | Slain by a phantom

Illustrated notes

Levels and vault maps discovered:
D:1:      dreamdust_arrival_beginning_and_end, layout_loops_ring,
          basic_ecumenical_altar, serial_rivers, chequers_serial_rivers_room_a,
          chequers_serial_rivers_micro_d, chequers_serial_rivers_micro_d,
          chequers_serial_rivers_large_a, chequers_serial_rivers_small_b,
          dk_noncrumbling_2
D:2:      layout_rooms, serial_rivers, chequers_serial_rivers_room_b,
          chequers_serial_rivers_micro_b, chequers_serial_rivers_large_b,
          chequers_serial_rivers_micro_d, chequers_serial_rivers_small_3
D:3:      layout_loops_ring, minmay_divided_ellipse

Skill      XL: |  1  2  3  4 |
---------------+-------------+-----
Stealth        | 6 |  6.9
Short Blades   | 3 |  3.1
Fighting       | |  2.4
Throwing       | |  2.8
Dodging        | |  1.6
Shields        | |  0.6

Action                   |  1- 3 |  4- 6 || total
-------------------------+-------+-------++-------
Melee: Dagger            |    57 |    60 ||   117
       Tentacles         |    11 |     8 ||    19
       Constrict         |    14 |     8 ||    22
       Punch             |       |     1 ||     1
Throw: Dart              |    17 |     9 ||    26
       Javelin           |       |     4 ||     4
  Use: Scroll            |       |    10 ||    10
       Potion            |       |     6 ||     6
 Stab: Sleeping          |     7 |     4 ||    11
       Distracted        |       |     1 ||     1
Armor: Skin              |     3 |     2 ||     5
Dodge: Dodged            |    28 |    32 ||    60
Block: Other             |       |     9 ||     9
